 Dungeon Crawl Stone Soup version 0.20.1-1-g8b1a95d (webtiles) character file.

5392 Irenicus the Brawler (level 10, 0/79 HPs)
             Began as a Troll Chaos Knight on Oct 10, 2017.
             Slain by a hornet (5 damage)
             ... on level 8 of the Dungeon.
             The game lasted 00:13:46 (6487 turns).

Irenicus the Brawler (Troll Chaos Knight)           Turns: 6487, Time: 00:13:46

Health: 0/79       AC:  8    Str: 22    XL:     10   Next: 39%
Magic:  10/10      EV: 10    Int:  8    God:    Xom [.....*]
Gold:   449        SH:  0    Dex: 12    Spells: 9/9 levels left

rFire    . . .     SeeInvis .     - Unarmed
rCold    . . .     Gourm    +   (no shield)
rNeg     . . .     Faith    .   a - +2 robe
rPois    .         Spirit   .   (helmet restricted)
rElec    .         Reflect  .   (no cloak)
rCorr    .         Harm     .   (gloves unavailable)
MR       .....     Clarity  +   (boots unavailable)
Stlth    ..........             (no amulet)
Regen    0.7/turn               q - +4 ring of dexterity
MPRegen  0.2/turn               x - ring of loudness (curse)

@: slowed, drained, very slow
A: unfitting armour, claws 3, hooves 1, horns 1, slimy green scales 1, clarity,
clumsy 2, deformed body, fast metabolism 3, frail 1, gourmand, high mp 1,
regeneration 1, shaggy fur 1, tough skin 2, wild magic 1
a: Renounce Religion


You were on level 8 of the Dungeon.
You worshipped Xom.
You were Xom's teddy bear.
You were not hungry.

You visited 1 branch of the dungeon, and saw 8 of its levels.

You collected 449 gold pieces.

Inventory:

Armour
 a - a +2 robe (worn)
Jewellery
 q - a +4 ring of dexterity (left claw)
 x - a cursed ring of loudness (right claw)
Wands
 h - a wand of lightning (4/15)
 w - a wand of enslavement (7/24)
Scrolls
 c - a scroll of amnesia {unknown}
 d - 3 scrolls of remove curse
 e - 6 scrolls of identify {unknown}
 j - 3 scrolls of immolation {unknown}
 k - a scroll of random uselessness
 l - 2 scrolls of enchant weapon {unknown}
 m - 3 scrolls of teleportation {unknown}
 o - 3 scrolls of magic mapping {unknown}
 p - a scroll of recharging {unknown}
 u - a scroll of noise {unknown}
 v - a scroll of fear {unknown}
Potions
 f - 4 potions of curing
 r - a potion of degeneration {unknown}
 s - a potion of haste
 t - a potion of cancellation {unknown}
Comestibles
 b - 6 bread rations
 g - 2 meat rations
 i - 7 fruits
 n - 2 royal jellies


   Skills:
 - Level 2.4(1.8) Fighting
 - Level 1.9(1.4) Dodging
 + Level 15.0(14.2) Unarmed Combat


You had 9 spell levels left.
You didn't know any spells.

Dungeon Overview and Level Annotations

Branches:
Dungeon (8/15)             Temple (0/1) D:4
   Lair: D:8-11

Altars:
Xom


Innate Abilities, Weirdness & Mutations

You are too large for most types of armour.
You have claws for hands.
Your metabolism is lightning-fast.
You like to eat raw meat.
Your natural rate of healing is unusually fast.
You are covered in fur. (AC +1)
You have very tough skin. (AC +2)
You have large cloven feet.
You have a pair of small horns on your head.
You are partially covered in slimy green scales. (AC +2)
You possess an exceptional clarity of mind.
You are very clumsy. (Dex -4)
Armour fits poorly on your strangely shaped body.
You are frail. (-10% HP)
You have an increased reservoir of magic. (+10% MP)
Your spells are a little harder to cast, but a little more powerful.


Message History

The hornet is heavily wounded.
You feel sick. The hornet stings you!
* * * LOW HITPOINT WARNING * * *
You feel as though you will be slow longer.
You feel better. The hornet stings you.
* * * LOW HITPOINT WARNING * * *
You are poisoned.
You shrug off the repeated paralysis!
The hornet stings you.
* * * LOW HITPOINT WARNING * * *
You feel as though you will be slow longer.
The hornet stings you.
* * * LOW HITPOINT WARNING * * *
You are lethally poisoned!
You feel as though you will be slow longer.
You feel better. The hornet stings you!
* * * LOW HITPOINT WARNING * * *
You feel as though you will be slow longer.
The hornet stings you.
You die...
Xom thinks this is hilarious!

#.####.# # . ..P..# #.#
#.# #.# .. .P.PP.. #.#
#.# . .P. ..P...P #.#
#.# ###..P. ..PPPP.##
#.# #.# ....P.. ...P...#
#.# #.# ...P...
#P.PPP#####.## #.#
).....P #............#
#.# .......
#P.P.y@......# #.#
......P #...P.#......#
#.# .......
...P.PP.#....).# #.#
..#....,..P.P..##......#
#.# ..#...P,.P.PP..
#####.## #.# ###,...
..PP..# #.# #.# #.
...P##* #.####.# * * **
..##* #......# * * ,,.#
#####..#


You could see a hornet.

Vanquished Creatures
  The ghost of Ymberti the Basher, a novice HOFi of Beogh (D:8)
  The ghost of dxctxrx the Spear-Bearer, a novice MfSk of Okawaru (D:7)
  Prince Ribbit (D:5)
  Eustachio (D:6)
  A hungry ghost (D:8)
  Duvessa (D:4)
  2 porcupines (D:8)
  A sky beast (D:6)
  2 orc warriors
  4 ogres
  A phantom (D:5)
  A black bear (D:6)
  An eye of draining (D:8)
  4 centaurs
  A big kobold (D:8)
  7 bullfrogs
  Dowan (D:4)
  A scorpion (D:8)
  A water moccasin zombie (D:7)
  4 killer bees (D:5)
  6 wights
  2 howler monkeys
  3 crimson imps
  A jelly (D:7)
  5 hounds
  A centaur skeleton (D:5)
  10 orc wizards
  An iguana (D:8)
  8 worker ants
  A hound skeleton (D:4)
  6 gnolls
  A river rat (shapeshifter) (D:5)
  7 adders
  A howler monkey skeleton (D:7)
  2 shadow imps
  2 oozes
  An adder skeleton (D:5)
  3 worms
  7 leopard geckos
  12 orcs
  18 giant cockroaches
  6 goblins
  6 hobgoblins
  2 jackals (D:3)
  13 kobolds
  2 quokkas
  8 bats
  6 frilled lizards
  A leopard gecko skeleton (D:5)
  4 rats
183 creatures vanquished.

Vanquished Creatures (collateral kills)
  A killer bee (D:5)
  A worker ant (D:4)
2 creatures vanquished.

Grand Total: 185 creatures vanquished

Notes
Turn   | Place    | Note
-------+----------+-------------------------------------------
     0 | D:1      | Irenicus the Troll Chaos Knight began the quest for the Orb.
     0 | D:1      | Reached XP level 1. HP: 22/22 MP: 0/0
   174 | D:1      | Reached XP level 2. HP: 26/29 MP: 1/1
   176 | D:1      | XOM: harmless Ice miscast
   458 | D:1      | XOM is BORED!
   458 | D:1      | XOM: silly message
   978 | D:1      | XOM: silly message
  1079 | D:2      | Reached skill level 4 in Unarmed Combat
  1211 | D:2      | XOM: harmless Hex miscast
  1245 | D:2      | Reached XP level 3. HP: 36/36 MP: 2/2
  1482 | D:2      | XOM is BORED!
  1482 | D:2      | XOM: harmless Fire miscast
  1599 | D:2      | Reached XP level 4. HP: 44/44 MP: 3/3
  1778 | D:3      | Reached skill level 5 in Unarmed Combat
  2442 | D:3      | XOM is BORED!
  2442 | D:3      | XOM: noise
  2503 | D:4      | XOM: summons 4 friendly demons
  2509 | D:4      | Reached XP level 5. HP: 41/50 MP: 4/4
  2512 | D:4      | Reached skill level 6 in Unarmed Combat
  2646 | D:4      | Reached XP level 6. HP: 42/59 MP: 5/5
  2670 | D:4      | Reached skill level 7 in Unarmed Combat
  2674 | D:4      | XOM: summons friendly ufetubus
  2779 | D:4      | Noticed Duvessa
  2779 | D:4      | Noticed Dowan
  2779 | D:4      | XOM: harmless Air miscast
  2799 | D:4      | XOM: noise
  2800 | D:4      | XOM: potion effect (brilliance)
  2801 | D:4      | XOM: cleaving
  2804 | D:4      | Killed Duvessa
  2804 | D:4      | Reached skill level 8 in Unarmed Combat
  2804 | D:4      | Reached XP level 7. HP: 43/66 MP: 6/6
  2805 | D:4      | Killed Dowan
  2861 | D:4      | Found a staircase to the Ecumenical Temple.
  2894 | D:4      | XOM: god gift: glowing helmet {god gift}
  3007 | D:4      | XOM: give mutations
  3007 | D:4      | Gained mutation: You are clumsy. (Dex -2) [Xom's mischief]
  3007 | D:4      | Gained mutation: You are very clumsy. (Dex -4) [Xom's mischief]
  3007 | D:4      | Gained mutation: You are frail. (-10% HP) [Xom's mischief]
  3099 | D:4      | XOM: butterfly on damage
  3378 | D:5      | Entered Level 5 of the Dungeon
  3382 | D:5      | Noticed Prince Ribbit
  3405 | D:5      | Killed Prince Ribbit
  3405 | D:5      | Reached skill level 9 in Unarmed Combat
  3419 | D:5      | XOM: cast spell 'Summon Mana Viper'
  3421 | D:5      | XOM: scenery: create altars
  3435 | D:5      | Reached XP level 8. HP: 33/66 MP: 7/7
  3436 | D:5      | XOM: cleaving
  3440 | D:5      | Reached skill level 10 in Unarmed Combat
  3445 | D:5      | XOM: polymorph killer bee -> river rat
  3495 | D:5      | HP: 1/66 [centaur (8)]
  4341 | D:6      | XOM: 3-stop teleportation journey
  4342 | D:6      | Noticed Eustachio
  4348 | D:6      | Killed Eustachio
  4348 | D:6      | Reached skill level 11 in Unarmed Combat
  4356 | D:6      | XOM: scenery: create altars
  4372 | D:6      | Gained mutation: You possess an exceptional clarity of mind. [mutagenic meat]
  4373 | D:6      | Gained mutation: You have a pair of small horns on your head. [mutagenic meat]
  4375 | D:6      | Gained mutation: Armour fits poorly on your strangely shaped body. [mutagenic meat]
  4413 | D:6      | Reached XP level 9. HP: 71/72 MP: 8/8
  4453 | D:6      | Reached skill level 12 in Unarmed Combat
  4801 | D:6      | XOM: god gift: 18 stones
  5040 | D:6      | XOM: god gift: 16 gold pieces
  5136 | D:7      | Reached skill level 13 in Unarmed Combat
  5211 | D:7      | Noticed dxctxrx's ghost (novice MfSk)
  5221 | D:7      | Killed dxctxrx's ghost
  5347 | D:7      | XOM: confuse monster(s)
  5395 | D:7      | XOM: noise
  5439 | D:7      | XOM: give mutations
  5439 | D:7      | Gained mutation: Your spells are a little harder to cast, but a little more powerful. [Xom's grace]
  5439 | D:7      | Gained mutation: You have an increased reservoir of magic. (+10% MP) [Xom's grace]
  5439 | D:7      | Gained mutation: You have large cloven feet. [Xom's grace]
  5439 | D:7      | Gained mutation: You are partially covered in slimy green scales. (AC +2) [Xom's grace]
  5478 | D:7      | XOM: 2-stop teleportation journey
  5771 | D:7      | Reached skill level 14 in Unarmed Combat
  5907 | D:7      | XOM: god gift: wand of enslavement (?/24) {god gift}
  6035 | D:8      | Noticed Ymberti's ghost (novice HOFi)
  6037 | D:8      | Reached XP level 10. HP: 79/79 MP: 10/10
  6039 | D:8      | XOM: blink monster(s)
  6042 | D:8      | XOM: divination: magic mapping
  6048 | D:8      | XOM: harmless Tmut miscast
  6060 | D:8      | Killed Ymberti's ghost
  6066 | D:8      | XOM: mild Air miscast
  6230 | D:8      | XOM: harmless Hex miscast
  6394 | D:8      | XOM: smoke on damage
  6472 | D:8      | Reached skill level 15 in Unarmed Combat
  6482 | D:8      | Paralysed by a hornet for 3 turns
  6486 | D:8      | HP: 3/79 [hornet (3)]
  6487 | D:8      | Slain by a hornet

Skill      XL: |  1  2  3  4  5  6  7  8  9 10 |
---------------+-------------------------------+-----
Unarmed Combat | 4 5 6 8 9 11 14 15 | 15.0
Fighting       | |  2.4
Dodging        | |  1.9

Action                   |  1- 3 |  4- 6 |  7- 9 | 10-12 || total
-------------------------+-------+-------+-------+-------++-------
Melee: Unarmed           |   104 |   147 |   213 |    73 ||   537
       Punch             |     1 |     4 |     6 |       ||    11
       Headbutt          |       |       |    21 |     5 ||    26
       Kick              |       |       |     6 |    23 ||    29
  Use: Scroll            |       |     2 |       |       ||     2
       Potion            |       |     5 |     4 |     2 ||    11
 Stab: Distracted        |       |     1 |       |       ||     1
       Confused          |       |       |     1 |       ||     1
  Eat: Chunk             |    15 |     9 |    26 |     5 ||    55
       Bread ration      |     1 |       |       |       ||     1
       Fruit             |       |       |     2 |     3 ||     5
Armor: Robe              |    55 |    52 |    42 |    14 ||   163
       Skin              |       |    28 |    26 |       ||    54
Dodge: Dodged            |    30 |    57 |    73 |    26 ||   186
